 Dungeon Crawl Stone Soup version 0.22-b1-26-g9dbaab1 (webtiles) character file.

812 Lew the Chopper (level 7, -4/91 HPs)
             Began as a Minotaur Fighter on Aug 7, 2018.
             Was a Believer of Makhleb.
             Killed from afar by Dowan (25 damage)
             ... with a shard of ice
             ... on level 6 of the Dungeon.
             The game lasted 00:14:00 (3645 turns).

Lew the Chopper (Minotaur Fighter)                  Turns: 3645, Time: 00:14:03

Health: -4/91      AC: 23    Str: 23    XL:     7   Next: 61%
Magic:  6/6        EV:  2    Int:  5    God:    Makhleb [**....]
Gold:   371        SH: 10    Dex:  9    Spells: 6/6 levels left

rFire    . . .     SeeInvis .   a - +0 war axe
rCold    . . .     Gourm    .   c - +0 shield
rNeg     + + +     Faith    .   (armour currently unavailable)
rPois    +         Spirit   .   (helmet currently unavailable)
rElec    .         Reflect  .   (cloak currently unavailable)
rCorr    +         Harm     .   (gloves currently unavailable)
MR       .....     NoTele   +   (boots currently unavailable)
Stlth    +.........             (no amulet)
HPRegen  0.25/turn              k - ring of resist corrosion
MPRegen  0.10/turn              (no ring)

@: tree-form
A: (retaliatory headbutt)
a: Minor Destruction, Renounce Religion


You were on level 6 of the Dungeon.
You worshipped Makhleb.
Makhleb was pleased with you.
You were very hungry.
You were a tree.
You visited 1 branch of the dungeon, and saw 6 of its levels.
You also visited: Sewer.

You collected 371 gold pieces.

Inventory:

Hand Weapons
 a - a +0 war axe (weapon)
Missiles
 p - a tomahawk (quivered)
 q - 3 javelins
Armour
 c - a +0 shield (worn)
 n - a +0 ring mail (melded)
 r - a +0 pair of boots (melded)
Jewellery
 k - a ring of resist corrosion (left branch)
Wands
 m - a wand of flame (26)
Scrolls
 g - 3 scrolls of teleportation
 h - 2 scrolls of fear
 i - 2 scrolls of remove curse
 j - 2 scrolls of identify
 l - a scroll of noise
Potions
 d - a potion of might
 e - 5 potions of curing
 o - a potion of haste
Comestibles
 f - 6 rations


   Skills:
 + Level 5.5 Fighting
 * Level 6.4 Axes
 + Level 5.4 Armour
 + Level 3.3 Dodging
 + Level 5.4 Shields
 + Level 0.9 Invocations


You had 6 spell levels left.
You didn't know any spells.
Your spell library contained the following spells:

 Spells                   Type           Power        Failure   Level  Hunger
 Magic Dart               Conj           #...         88%         1    ##.....
 Iskenderun's Mystic Bla  Conj           #.......     100%        4    #####..
 Fulminant Prism          Conj/Hex       #.........   100%        4    #####..
 Dazzling Spray           Conj/Hex       #.....       99%         3    ####...
 Force Lance              Conj/Tloc      #.......     100%        4    #####..
 Searing Ray              Conj           #.....       95%         2    ###....


Dungeon Overview and Level Annotations

Branches:
Dungeon (6/15)
 Temple: D:4-7

Altars:
Gozag
Makhleb

Shops:
D:4 (

Annotations:
D:6 Dowan, Grinder


Innate Abilities, Weirdness & Mutations

((You reflexively headbutt those who attack you in melee.))
((You have a pair of horns on your head.))


Message History

You are too injured to fight recklessly!
Unknown command.
You are too injured to fight recklessly!
You are too injured to fight recklessly!
You slash the hound!
The hound is severely wounded.
You slash Dowan! You closely miss Grinder.
Dowan breathes, "And she was my only..."
Dowan closely misses you. You furiously retaliate!
You headbutt Dowan. The hound barely misses you. You block Dowan's attack.
Grinder hits you.
You writhe in agony.
* * * LOW HITPOINT WARNING * * *
You turn into a tree.
Your +0 pair of boots melds into your body.
Your +0 ring mail melds into your body.
Your roots penetrate the ground.
The hound bites you.
* * * LOW HITPOINT WARNING * * *
Dowan points at you and mumbles some strange words.
The shard of ice hits you!
You die...

##..## ..
#.....# #.#
.......#..#
..........# .
e.......###..
...(.......
#.)...# #)e.#
##.♣.# #.5h.#
.........#
...###....!
.. #....... .
#....##...
#...## .#
...## . ...#


You could see Grinder, Dowan and a hound.

Vanquished Creatures
  Duvessa (D:6)
  An ice beast (D:5)
  A sky beast (D:5)
  A phantom (D:5)
  A crocodile (Sewer)
  A howler monkey (D:6)
  A hound (D:2)
  An orc priest (D:6)
  An iguana (D:5)
  A worker ant (D:4)
  A hound zombie (D:5)
  3 gnolls (D:4)
  8 adders
  2 oozes
  A worm (D:4)
  A dart slug (D:3)
  2 leopard geckos
  3 orcs
  8 giant cockroaches
  7 goblins
  8 hobgoblins
  4 jackals (D:5)
  12 kobolds
  A quokka (D:4)
  A ball python (D:4)
  16 bats
  5 frilled lizards
  12 rats
105 creatures vanquished.

Notes
Turn   | Place    | Note
-------+----------+-------------------------------------------
     0 | D:1      | Lew the Minotaur Fighter began the quest for the Orb.
     0 | D:1      | Reached XP level 1. HP: 19/19 MP: 0/0
   105 | D:1      | Reached XP level 2. HP: 23/27 MP: 1/1
   209 | D:1      | Reached skill level 3 in Axes
   505 | D:1      | Reached XP level 3. HP: 33/33 MP: 2/2
   740 | D:2      | Reached skill level 1 in Dodging
  1009 | D:2      | Found a burning altar of Makhleb.
  1017 | D:2      | Reached XP level 4. HP: 39/40 MP: 3/3
  1022 | D:2      | Became a worshipper of Makhleb the Destroyer
  1088 | D:2      | Reached skill level 4 in Axes
  1368 | D:3      | Reached XP level 5. HP: 44/47 MP: 4/4
  1449 | D:3      | Found a glowing drain.
  1588 | Sewer    | Entered a sewer
  1595 | Sewer    | Reached * piety under Makhleb
  1618 | Sewer    | Noticed a crocodile
  1626 | Sewer    | Killed a crocodile
  2128 | D:4      | Reached XP level 6. HP: 9/53 MP: 0/5
  2450 | D:4      | Reached skill level 5 in Axes
  2506 | D:4      | Found Mymijana's Weapon Shop.
  2934 | D:5      | Entered Level 5 of the Dungeon
  2977 | D:5      | Noticed an ice beast
  2985 | D:5      | Killed an ice beast
  2985 | D:5      | Reached skill level 5 in Fighting
  3150 | D:5      | Reached skill level 5 in Armour
  3198 | D:5      | Found an opulent altar of Gozag.
  3255 | D:5      | Reached skill level 5 in Shields
  3255 | D:5      | Reached XP level 7. HP: 47/61 MP: 6/6
  3348 | D:5      | Reached ** piety under Makhleb
  3348 | D:5      | Reached skill level 6 in Axes
  3629 | D:6      | Noticed Duvessa
  3634 | D:6      | Noticed Grinder
  3636 | D:6      | Noticed Dowan
  3640 | D:6      | Killed Duvessa
  3645 | D:6      | Killed from afar by Dowan

Skill      XL: |  1  2  3  4  5  6  7 |
---------------+----------------------+-----
Axes           | 3 4 5 6 |  6.4
Shields        | 4 5 |  5.4
Armour         | 4 5 |  5.4
Dodging        | 1 2 3 |  3.3
Fighting       | 4 5 |  5.5
Invocations    | |  0.9

Action                   |  1- 3 |  4- 6 |  7- 9 || total
-------------------------+-------+-------+-------++-------
Melee: War axe           |   111 |   146 |    27 ||   284
       Headbutt          |    11 |    16 |     5 ||    32
Throw: Tomahawk          |       |       |     1 ||     1
Evoke: Wand              |       |       |     2 ||     2
  Use: Scroll            |     4 |     3 |     2 ||     9
       Potion            |     3 |     4 |     1 ||     8
  Eat: Chunk             |       |     1 |       ||     1
       Ration            |       |     2 |       ||     2
Armor: Scale mail        |    42 |    24 |       ||    66
       Ring mail         |       |    26 |     9 ||    35
       Skin              |       |    16 |       ||    16
Dodge: Dodged            |    32 |    63 |    13 ||   108
Block: Shield            |    64 |    79 |    25 ||   168
